[Event "January 9 Late 2024"]
[Site "https://www.chess.com"]
[Date "2024.01.09"]
[Round "2"]
[White "Wafa, Hamed"]
[Black "Korkmaz, Necmettin"]
[Result "1-0"]
[Board "131"]
[TimeControl "180+1"]
[WhiteFideId "10628452"]
[BlackFideId "6303285"]
[WhiteElo "2787"]
[BlackElo "2441"]
[WhiteTeam "EGY"]
[BlackTeam "TUR"]
[WhiteClock "0:00:16"]
[BlackClock "0:00:23"]

1. e4 e6 2. d4 d5 3. e5 c5 4. c3 Nc6 5. Nf3 Qb6 6. Be2 cxd4 7. cxd4 Nge7 8. Na3 Nf5 9. Nc2 Bd7 10. O-O Be7 11. Bd3 Nb4 12. Nxb4 Bxb4 13. a3 Be7 14. Bxf5 exf5 15. Bd2 O-O 16. b4 Rac8 17. h4 Bb5 18. Re1 Qg6 19. Bg5 Rfe8 20. Qd2 h6 21. Bxe7 Rxe7 22. Rac1 Bc4 23. Qf4 Qg4 24. Qxg4 fxg4 25. Nh2 h5 26. Nf1 Rec7 27. Ne3 Bb3 28. Rxc7 Rxc7 29. Rb1 Bc4 30. Rc1 Rc6 31. Kh2 g6 32. Kg3 b5 33. Kf4 Ra6 34. Rc3 Kg7 35. Nc2 f6 36. Re3 fxe5+ 37. Rxe5 Rf6+ 38. Ke3 Kf7 39. f4 gxf3 40. gxf3 Rc6 41. Kd2 Rf6 42. Ne1 Rf4 43. Ng2 Rxd4+ 44. Ke3 Rd3+ 45. Kf2 Rxa3 46. Nf4 Ra2+ 47. Ke3 Rb2 48. Rg5 Rb3+ 49. Kd4 Rxf3 50. Nxg6 Ke6 51. Rxh5 Kd6 52. Ne5 Rf4+ 53. Kc3 d4+ 54. Kd2 Rf2+ 55. Kd1 d3 56. Ng4 Rg2 57. Ne3 Re2 58. Nf5+ Ke5 59. Ng3+ Kd4 60. Nxe2+ dxe2+ 61. Kd2 e1=Q+ 62. Kxe1 Kc3 63. Rh7 Kxb4 64. Rxa7 Kc3 65. Kd1 b4 66. Kc1 b3 67. Ra3 Bd3 68. h5 Kb4 69. Kb2 Bc2 70. h6 Kc4 71. Rxb3 Bxb3 72. h7 1-0

[Event "January 9 Late 2024"]
[Site "https://www.chess.com"]
[Date "2024.01.09"]
[Round "2"]
[White "Andrews, Todd"]
[Black "Timmermans, Mark"]
[Result "1/2-1/2"]
[Board "132"]
[TimeControl "180+1"]
[WhiteFideId "2012456"]
[BlackFideId "1026399"]
[WhiteElo "2433"]
[BlackElo "2748"]
[WhiteTeam "USA"]
[BlackTeam "NED"]
[WhiteClock "0:00:14"]
[BlackClock "0:00:43"]

1. d4 Nf6 2. c4 e6 3. Nc3 Bb4 4. Qc2 O-O 5. a3 Bxc3+ 6. Qxc3 b5 7. cxb5 c6 8. e3 cxb5 9. Bxb5 Bb7 10. f3 Qb6 11. Bd3 Rc8 12. Qd2 Nc6 13. b4 Ba6 14. Ne2 Bxd3 15. Qxd3 Ne7 16. O-O a5 17. Bd2 axb4 18. axb4 Rxa1 19. Rxa1 Ned5 20. b5 Rb8 21. e4 Nc7 22. Ba5 Qxb5 23. Qxb5 Nxb5 24. Rb1 Rb7 25. Nc3 Nd6 26. Rxb7 Nxb7 27. Bc7 Ne8 28. Bg3 Kf8 29. Kf2 Ke7 30. Ke3 d6 31. Kd3 Kd7 32. Nd1 Kc6 33. Ne3 Nc7 34. Nc4 Nb5 35. Ne3 Nc7 36. Nc4 g6 37. h3 h5 38. Ne3 Na5 39. Be1 Nb7 40. g4 Ne8 41. gxh5 gxh5 42. Bg3 Kd7 43. Ng2 Ke7 44. Nf4 Ng7 45. Bh4+ f6 46. e5 dxe5 47. dxe5 Nc5+ 48. Ke3 Nd7 49. exf6+ Nxf6 50. Ng6+ Kf7 51. Ne5+ Ke7 52. Kf4 Nf5 53. Ng6+ Kf7 54. Ne5+ Kg7 55. Bxf6+ Kxf6 56. Nd7+ Ke7 57. Nc5 Nd6 58. Kg5 Nf7+ 59. Kxh5 Kf6 60. Kg4 Ne5+ 61. Kf4 Ng6+ 62. Kg3 e5 63. h4 Kf5 64. Ne4 Nf4 65. Nd6+ Kg6 66. Nc4 Nh5+ 67. Kg4 Nf6+ 68. Kh3 Kf5 69. Nxe5 Kxe5 70. Kg3 Kf5 71. Kh3 Nh5 72. Kg2 Kf4 73. Kf2 Nf6 74. Kg2 Nh5 75. Kf2 Nf6 76. Ke2 Ng4 77. h5 Nh6 78. Kf2 Kg5 79. Kg3 Kxh5 80. Kf4 Kg6 81. Ke5 Ng4+ 82. fxg4 Kg5 83. Ke4 Kxg4 1/2-1/2

[Event "January 9 Late 2024"]
[Site "https://www.chess.com"]
[Date "2024.01.09"]
[Round "2"]
[White "Rohan, Ahuja"]
[Black "Hejazipour, Mitra"]
[Result "0-1"]
[Board "133"]
[TimeControl "180+1"]
[WhiteFideId "5090598"]
[BlackFideId "12505951"]
[WhiteElo "2745"]
[BlackElo "2428"]
[WhiteTeam "IND"]
[BlackTeam "FRA"]
[WhiteClock "0:00:12"]
[BlackClock "0:00:24"]

1. Nf3 Nf6 2. g3 e6 3. Bg2 c5 4. c4 b6 5. Nc3 Bb7 6. O-O Be7 7. d4 cxd4 8. Qxd4 Nc6 9. Qf4 O-O 10. Rd1 a6 11. e4 Nh5 12. Qg4 Nf6 13. Qf4 Nh5 14. Qd2 d6 15. Qe2 Qc7 16. Be3 Nf6 17. Rac1 Rac8 18. b3 Ne5 19. Nxe5 dxe5 20. Na4 Bc5 21. Nxc5 bxc5 22. Qc2 Rfd8 23. f3 Nd7 24. Qf2 f5 25. exf5 exf5 26. f4 Bxg2 27. Kxg2 Nf6 28. fxe5 Ng4 29. Qf3 Qxe5 30. Re1 Qb2+ 31. Re2 Qf6 32. Rce1 Rd3 33. Qf4 Qc6+ 34. Qf3 Qf6 35. h3 Ne5 36. Qf2 Qc6+ 37. Kf1 Qh1+ 38. Qg1 Qxh3+ 39. Qg2 Qg4 40. Bf4 Rf3+ 41. Kg1 Nd3 42. Rf1 Nxf4 43. Qxf3 Nxe2+ 44. Kf2 Qxf3+ 45. Kxf3 Nd4+ 46. Kf4 Re8 47. g4 Re4+ 48. Kg3 Rxg4+ 49. Kh3 h5 50. Re1 Re4 51. Rg1 Kf7 52. Rg5 g6 53. Rg2 Kf6 54. Rd2 g5 55. a3 g4+ 56. Kh4 Nf3+ 57. Kxh5 Nxd2 58. b4 g3 59. bxc5 g2 60. c6 Rxc4 0-1

[Event "January 9 Late 2024"]
[Site "https://www.chess.com"]
[Date "2024.01.09"]
[Round "2"]
[White "Chirilov, James A"]
[Black "Poddubnyi, Viktor"]
[Result "1-0"]
[Board "134"]
[TimeControl "180+1"]
[WhiteFideId "30976677"]
[BlackFideId "4141989"]
[WhiteElo "2740"]
[BlackElo "2422"]
[WhiteTeam "USA"]
[BlackTeam "RUS"]
[WhiteClock "0:01:17"]
[BlackClock "0:00:14"]

1. e4 g6 2. d4 Bg7 3. Nc3 d6 4. f4 Nf6 5. Nf3 c5 6. dxc5 Qa5 7. Bd2 Qxc5 8. Bd3 a6 9. Qe2 O-O 10. O-O-O Nc6 11. Kb1 Nb4 12. Bc4 b5 13. Bb3 Be6 14. Be3 Qc7 15. a3 Nc6 16. Bxe6 fxe6 17. Ng5 Qc8 18. h4 h6 19. Nh3 Na5 20. e5 Nh5 21. Qg4 Nc4 22. Bd4 dxe5 23. fxe5 Nxe5 24. Bxe5 Bxe5 25. Qxg6+ Ng7 26. Qxh6 Bxc3 27. Ng5 Rf2 28. Qh7+ Kf8 29. Qh8# 1-0

[Event "January 9 Late 2024"]
[Site "https://www.chess.com"]
[Date "2024.01.10"]
[Round "2"]
[White "Goncalves, Samuel Jesus P"]
[Black "Koellner, Ruben Gideon"]
[Result "0-1"]
[Board "135"]
[TimeControl "180+1"]
[WhiteFideId "1945130"]
[BlackFideId "12993093"]
[WhiteElo "2419"]
[BlackElo "2740"]
[WhiteTeam "POR"]
[BlackTeam "GER"]
[WhiteClock "0:00:09"]
[BlackClock "0:00:12"]

1. Nf3 d6 2. d4 Nf6 3. g3 Nbd7 4. c4 e5 5. Nc3 Be7 6. Bg2 O-O 7. O-O Re8 8. e4 Bf8 9. Re1 c6 10. h3 a6 11. Qc2 b5 12. cxb5 axb5 13. Be3 Bb7 14. a3 Qb8 15. Rad1 Rc8 16. Qd2 Nb6 17. Bf1 Nc4 18. Bxc4 bxc4 19. Bg5 Nd7 20. Qe2 exd4 21. Nxd4 Ne5 22. Rf1 Nd3 23. Nf5 Re8 24. Qd2 Ba6 25. Nd4 c5 26. Nf5 Qxb2 27. Qxb2 Nxb2 28. Rd2 Nd3 29. Nd5 Bb7 30. Nc7 Bxe4 31. Nxe8 Bxf5 32. Nc7 Rxa3 33. Nd5 Bxh3 34. Rb1 h6 35. Rb8 hxg5 36. Ne7+ Kh7 37. Rxf8 Be6 38. Rd8 c3 39. Rxd3 Ra1+ 40. Kg2 c2 41. Rc3 c1=Q 42. Rxc1 Rxc1 43. Rxd6 c4 44. Nc6 Bf5 45. Nd4 Be4+ 46. f3 Bd3 47. Kf2 Rd1 48. Ke3 Re1+ 49. Kd2 Rg1 50. g4 f6 51. Rc6 Rg2+ 52. Kc3 Ra2 53. Rc7 Rf2 54. Kb4 Kg6 55. Kc3 Be2 56. Ne6 Rxf3+ 57. Kd2 Bd3 58. Rxg7+ Kh6 59. Rc7 Rg3 60. Rc8 Rxg4 61. Rh8+ Bh7 62. Nf8 Kg7 63. Rxh7+ Kxf8 64. Rc7 Rf4 65. Ke3 Ke8 66. Rb7 Kd8 67. Ra7 c3 68. Kd3 Rf3+ 69. Kc2 g4 70. Rg7 f5 0-1

[Event "January 9 Late 2024"]
[Site "https://www.chess.com"]
[Date "2024.01.09"]
[Round "2"]
[White "Zeltsan, Joseph"]
[Black "Gatterer, Florian"]
[Result "1-0"]
[Board "136"]
[TimeControl "180+1"]
[WhiteFideId "30932980"]
[BlackFideId "811688"]
[WhiteElo "2736"]
[BlackElo "2418"]
[WhiteTeam "USA"]
[BlackTeam "ITA"]
[WhiteClock "0:01:09"]
[BlackClock "0:00:00"]

1. Nf3 g6 2. g3 Bg7 3. Bg2 Nf6 4. O-O d5 5. d4 O-O 6. c4 c6 7. cxd5 cxd5 8. Nc3 Ne4 9. Ne5 Nxc3 10. bxc3 Nc6 11. Bf4 Nxe5 12. dxe5 e6 13. h4 Qc7 14. Qd4 h6 15. g4 Bd7 16. c4 dxc4 17. Rac1 b5 18. Bxa8 Rxa8 19. Qe3 Kh7 20. Rfd1 Bc6 21. Rd6 Bf8 22. Rcd1 Bxd6 23. Rxd6 Rd8 24. Qd4 Rxd6 25. exd6 Qd7 26. f3 Bd5 27. Qf6 b4 28. Bxh6 1-0

[Event "January 9 Late 2024"]
[Site "https://www.chess.com"]
[Date "2024.01.09"]
[Round "2"]
[White "Bueno, Alfeu Junior Varela"]
[Black "Martinez Ramirez, Lennis"]
[Result "0-1"]
[Board "137"]
[TimeControl "180+1"]
[WhiteFideId "2108879"]
[BlackFideId "3509079"]
[WhiteElo "2414"]
[BlackElo "2698"]
[WhiteTeam "BRA"]
[BlackTeam "CUB"]
[WhiteClock "0:02:00"]
[BlackClock "0:01:58"]

1. e4 c5 2. Nc3 Nc6 3. f4 e6 4. Bb5 Nd4 5. Nf3 a6 6. Bd3 Nc6 7. e5 d5 8. exd6 Bxd6 9. Ne4 Bxf4 10. Nxc5 Nf6 11. O-O Qb6 12. b4 Nxb4 13. Ba3 Qxc5+ 14. Kh1 Qa5 0-1

[Event "January 9 Late 2024"]
[Site "https://www.chess.com"]
[Date "2024.01.09"]
[Round "2"]
[White "Meduri, Aakaash"]
[Black "Tarhan, Adar"]
[Result "0-1"]
[Board "138"]
[TimeControl "180+1"]
[WhiteFideId "2032252"]
[BlackFideId "34544712"]
[WhiteElo "2411"]
[BlackElo "2693"]
[WhiteTeam "USA"]
[BlackTeam "TUR"]
[WhiteClock "0:00:00"]
[BlackClock "0:01:16"]

1. d4 Nf6 2. Bg5 Ne4 3. h4 c5 4. e3 cxd4 5. exd4 Qa5+ 6. Nd2 Nxg5 7. hxg5 Qxg5 8. Ngf3 Qa5 9. Bd3 g6 10. c3 Bg7 11. Ne4 d5 12. Ng3 Nc6 13. Qd2 Bg4 14. Ng5 h5 15. Qf4 Bf6 16. f3 Bd7 17. b4 Qa3 18. Kd2 Rc8 19. Rhc1 Qb2+ 20. Kd1 Qxg2 21. Rc2 Qg1+ 22. Bf1 h4 23. Ke2 Qxg3 24. Qxg3 hxg3 0-1

[Event "January 9 Late 2024"]
[Site "https://www.chess.com"]
[Date "2024.01.09"]
[Round "2"]
[White "Niedbala, Bartlomiej"]
[Black "Rees, Ioan"]
[Result "1-0"]
[Board "139"]
[TimeControl "180+1"]
[WhiteFideId "21834008"]
[BlackFideId "1801236"]
[WhiteElo "2665"]
[BlackElo "2410"]
[WhiteTeam "POL"]
[BlackTeam "WLS"]
[WhiteClock "0:00:15"]
[BlackClock "0:00:03"]

1. e4 e5 2. Nf3 Nc6 3. c3 d5 4. Qa4 Bd7 5. exd5 Nd4 6. Qd1 Nxf3+ 7. Qxf3 Nf6 8. c4 Bd6 9. Nc3 O-O 10. d3 c6 11. Bg5 Be7 12. Be2 h6 13. Bh4 Nxd5 14. Bxe7 Nxe7 15. O-O Ng6 16. Rfe1 f5 17. Bf1 Qg5 18. Qg3 Rae8 19. Qxg5 hxg5 20. Rad1 g4 21. g3 Kf7 22. b4 Rh8 23. b5 Rh6 24. d4 e4 25. bxc6 bxc6 26. Rb1 Reh8 27. Rb7 Rxh2 28. Bg2 Nf8 29. Rxa7 g5 30. Rb1 Ke7 31. d5 f4 32. d6+ Kf7 33. Nxe4 f3 34. Nxg5+ Kf6 35. Nxf3 gxf3 36. Bxf3 Ke6 37. c5 R2h6 38. Bg4+ Ke5 39. Bxd7 Rh1+ 40. Kg2 Rxb1 41. Bxc6 Ne6 42. Re7 Kf6 43. Be4 Ng5 44. Bxb1 1-0

[Event "January 9 Late 2024"]
[Site "https://www.chess.com"]
[Date "2024.01.09"]
[Round "2"]
[White "Alvarado, Carlos"]
[Black "Boyer, Mahel"]
[Result "0-1"]
[Board "140"]
[TimeControl "180+1"]
[WhiteFideId "3800555"]
[BlackFideId "45102422"]
[WhiteElo "2408"]
[BlackElo "2662"]
[WhiteTeam "PER"]
[BlackTeam "FRA"]
[WhiteClock "0:00:00"]
[BlackClock "0:00:06"]

1. d4 d6 2. Nf3 Nf6 3. Bg5 g6 4. Bxf6 exf6 5. g3 Bg7 6. Bg2 O-O 7. O-O c6 8. c3 Nd7 9. Nbd2 Re8 10. e3 f5 11. a4 a5 12. Nc4 Nf6 13. Nfd2 h5 14. h4 Be6 15. Re1 Ng4 16. Qe2 Qc7 17. Nf3 Re7 18. Ng5 Bd7 19. Qc2 Rae8 20. Nh3 Be6 21. Nd2 Bh6 22. Nf3 Qb6 23. Nf4 Bb3 24. Qd2 Nf6 25. Ng5 Bxg5 26. hxg5 Ne4 27. Bxe4 Rxe4 28. f3 R4e7 29. Kf2 Qa6 30. Rh1 Kg7 31. Rh4 Rxe3 32. Qxe3 Rxe3 33. Kxe3 Qc4 34. Rah1 f6 35. gxf6+ Kf7 36. Nxh5 gxh5 37. Rxh5 Qe6+ 38. Kf4 Qe2 39. Rh7+ Kf8 40. Kg5 Qxf3 41. Rh8+ Bg8 42. f7 Kxf7 43. R8h3 Qg4+ 44. Kh6 Qg7+ 45. Kh5 Kf6 0-1

[Event "January 9 Late 2024"]
[Site "https://www.chess.com"]
[Date "2024.01.09"]
[Round "2"]
[White "Ozen, Metehan"]
[Black "Lukovic, Vladimir"]
[Result "0-1"]
[Board "141"]
[TimeControl "180+1"]
[WhiteFideId "34596054"]
[BlackFideId "942952"]
[WhiteElo "2404"]
[BlackElo "2661"]
[WhiteTeam "TUR"]
[BlackTeam "SRB"]
[WhiteClock "0:01:09"]
[BlackClock "0:01:02"]

1. e4 c5 2. Nf3 e6 3. d4 cxd4 4. Nxd4 Nc6 5. Nc3 Nf6 6. Nxc6 bxc6 7. e5 Nd5 8. Ne4 Qc7 9. f4 f5 10. Nf2 Rb8 11. Be2 Bc5 12. O-O Ne3 13. Bxe3 Bxe3 14. Kh1 Bxf4 15. Nd3 Bxe5 16. Nxe5 Qxe5 17. b3 O-O 18. c4 d5 19. Qc2 Qd6 20. Rad1 Bb7 21. Bf3 Kh8 22. Rfe1 e5 23. c5 Qc7 24. Qc3 Rbe8 25. b4 e4 26. Be2 f4 27. Rf1 Qe5 28. Qxe5 Rxe5 29. b5 cxb5 30. Bxb5 Re6 31. Rc1 Bc6 32. a4 g5 33. Rcd1 Rc8 34. h4 Bxb5 35. axb5 Rxc5 36. hxg5 Rxb5 37. Rxf4 Kg7 38. Rc1 Kg6 39. Rc7 e3 40. Rf8 e2 41. Rg8+ Kf5 0-1

[Event "January 9 Late 2024"]
[Site "https://www.chess.com"]
[Date "2024.01.09"]
[Round "2"]
[White "Hua, Lefong"]
[Black "Argandona Riveiro, Inigo"]
[Result "1/2-1/2"]
[Board "142"]
[TimeControl "180+1"]
[WhiteFideId "2602253"]
[BlackFideId "2212072"]
[WhiteElo "2661"]
[BlackElo "2401"]
[WhiteTeam "CAN"]
[BlackTeam "ESP"]
[WhiteClock "0:01:31"]
[BlackClock "0:01:06"]

1. d4 d6 2. e4 Nf6 3. f3 e5 4. Ne2 Be7 5. c4 O-O 6. Nbc3 c5 7. d5 Nh5 8. g4 Bh4+ 9. Kd2 Nf4 10. Nxf4 Bg5 11. Kc2 Bxf4 12. Bxf4 exf4 13. Qd2 Qf6 14. Ne2 g5 15. h4 h6 16. Nc1 Nd7 17. Nd3 Ne5 18. Nxe5 Qxe5 19. Qc3 Qxc3+ 20. Kxc3 Kg7 21. Bd3 f6 22. Rh2 Bd7 23. Rah1 Rh8 24. a3 a5 25. b3 b6 26. Rb1 Ra7 27. Bc2 Rha8 28. hxg5 fxg5 29. Rbh1 Rh8 30. Bd3 Raa8 31. Bc2 Ra7 32. Bd1 Raa8 33. Be2 Ra7 34. Bd3 Raa8 35. Be2 Ra7 36. Bd3 1/2-1/2

[Event "January 9 Late 2024"]
[Site "https://www.chess.com"]
[Date "2024.01.09"]
[Round "2"]
[White "Vlassov, Nikolai"]
[Black "Marchesich, Giovanni"]
[Result "1-0"]
[Board "143"]
[TimeControl "180+1"]
[WhiteFideId "4103360"]
[BlackFideId "2824790"]
[WhiteElo "2652"]
[BlackElo "2400"]
[WhiteTeam "FID"]
[BlackTeam "ITA"]
[WhiteClock "0:00:03"]
[BlackClock "0:00:06"]

1. e4 g6 2. Nc3 Bg7 3. h4 h6 4. d4 a6 5. h5 g5 6. f4 gxf4 7. Bxf4 b5 8. Nf3 d6 9. Qd2 Bg4 10. O-O-O Nc6 11. d5 Ne5 12. Be2 Nc4 13. Bxc4 bxc4 14. Rdf1 Nf6 15. Nd4 Nxh5 16. Be3 Ng3 17. Rxf7 Kxf7 18. Qf2+ Bf6 19. Qxg3 Qd7 20. Nc6 Rag8 21. Qf2 Ke8 22. Bd4 Bg5+ 23. Kb1 Rf8 24. Qg3 Rhg8 25. e5 Qf5 26. a3 h5 27. Re1 h4 28. Qh2 Bf4 29. Qxh4 Bg5 30. Qh2 Qf4 31. g3 Qd2 32. Qg1 Bf5 33. exd6 Bxc2+ 34. Ka1 cxd6 35. Re2 Qd3 36. Nb4 Qf3 37. Nxc2 Rh8 38. Qg2 Qd3 39. Ka2 Rf3 40. Bxh8 Rxg3 41. Qh2 Rh3 42. Qf2 Rf3 43. Qa7 Kf7 44. Nb4 Qf5 45. Nc6 Rf1 46. Nxe7 Qd3 47. Nf5+ Kg6 48. Qg7+ Kh5 49. Qh7+ Kg4 50. Nh6+ Kg3 51. Qxd3+ cxd3 52. Re6 d2 53. Ne4+ Kf3 54. Nxd2+ Bxd2 55. Rxd6 Rf2 56. Rf6+ 1-0

[Event "January 9 Late 2024"]
[Site "https://www.chess.com"]
[Date "2024.01.09"]
[Round "2"]
[White "Buchenau, Frank"]
[Black "Ibadov, Dashgyn"]
[Result "1/2-1/2"]
[Board "144"]
[TimeControl "180+1"]
[WhiteFideId "4604350"]
[BlackFideId "24107514"]
[WhiteElo "2396"]
[BlackElo "2643"]
[WhiteTeam "GER"]
[BlackTeam "FID"]
[WhiteClock "0:00:28"]
[BlackClock "0:00:03"]

1. e4 e6 2. d4 d5 3. Nd2 c5 4. exd5 Qxd5 5. Ngf3 cxd4 6. Bc4 Qd6 7. O-O Nf6 8. Nb3 Nc6 9. Nbxd4 Nxd4 10. Qxd4 Qxd4 11. Nxd4 Bd7 12. Bf4 Rc8 13. Bb3 Bc5 14. Rad1 O-O 15. Rfe1 Rfd8 16. c3 a6 17. h3 b5 18. Re2 a5 19. a3 h6 20. Be5 Kf8 21. Rd3 b4 22. axb4 axb4 23. Nf3 Bb5 24. Rxd8+ Rxd8 25. Rd2 Rxd2 26. Nxd2 Ke7 27. cxb4 Bxb4 28. Bc3 Bxc3 29. bxc3 Kd6 30. f3 h5 31. h4 Bd3 32. Kf2 Nd5 33. Bxd5 Kxd5 34. Ke3 Bb5 35. g4 hxg4 36. fxg4 f5 37. Kf4 fxg4 38. Kxg4 e5 39. Kf5 Bd7+ 40. Kg6 e4 41. Nxe4 Kxe4 42. Kxg7 Bg4 43. Kg6 Kd3 44. Kg5 Be2 45. h5 Bxh5 46. Kxh5 Kxc3 1/2-1/2

[Event "January 9 Late 2024"]
[Site "https://www.chess.com"]
[Date "2024.01.09"]
[Round "2"]
[White "Lizak, Peter"]
[Black "Silva, Pedro Gil Ferreira Da"]
[Result "1-0"]
[Board "145"]
[TimeControl "180+1"]
[WhiteFideId "731595"]
[BlackFideId "1946102"]
[WhiteElo "2635"]
[BlackElo "2395"]
[WhiteTeam "HUN"]
[BlackTeam "POR"]
[WhiteClock "0:00:51"]
[BlackClock "0:00:47"]

1. d4 Nf6 2. Nc3 d5 3. Bf4 a6 4. e3 c5 5. dxc5 e6 6. Na4 Nbd7 7. b4 a5 8. c3 Be7 9. a3 O-O 10. Nf3 Ne4 11. Bd3 Bf6 12. Bxe4 dxe4 13. Nd2 axb4 14. axb4 b5 15. cxb6 Nxb6 16. Nxb6 Rxa1 17. Qxa1 Qxb6 18. Nxe4 Ba6 19. Nxf6+ gxf6 20. Qa5 Qxa5 21. bxa5 Rd8 22. e4 e5 23. Be3 Rb8 24. Bb6 Rd8 25. f3 Rd3 26. Kf2 Rxc3 27. Rd1 Rc2+ 28. Kg3 Kg7 29. Bd8 Rc6 30. Be7 Kg6 31. h4 h5 32. Rd8 Kg7 33. Rb8 Re6 34. Bd8 Rc6 35. Rb6 Rxb6 36. axb6 Kg6 37. Kf2 f5 38. Ke3 fxe4 39. Kxe4 f6 40. Kd5 Bb7+ 41. Ke6 e4 42. fxe4 Bxe4 43. g3 f5 44. Bg5 1-0

[Event "January 9 Late 2024"]
[Site "https://www.chess.com"]
[Date "2024.01.09"]
[Round "2"]
[White "Goryachkina, Aleksandra"]
[Black "Wu, Sibo"]
[Result "1-0"]
[Board "146"]
[TimeControl "180+1"]
[WhiteFideId "4147103"]
[BlackFideId "8606048"]
[WhiteElo "2628"]
[BlackElo "2395"]
[WhiteTeam "FID"]
[BlackTeam "CHN"]
[WhiteClock "0:00:43"]
[BlackClock "0:00:27"]

1. e4 c5 2. Nf3 Nc6 3. Bb5 e6 4. Bxc6 bxc6 5. d3 Ne7 6. Qe2 Ng6 7. h4 h5 8. e5 Be7 9. Nc3 f6 10. Bd2 Rb8 11. O-O-O O-O 12. Ne4 fxe5 13. Nfg5 Qb6 14. b3 Bxg5 15. Nxg5 c4 16. Qxh5 Rf6 17. dxc4 Ba6 18. Qh7+ Kf8 19. h5 Qd4 20. Bb4+ 1-0

[Event "January 9 Late 2024"]
[Site "https://www.chess.com"]
[Date "2024.01.09"]
[Round "2"]
[White "Zavgorodniy, Sergiy"]
[Black "Mohammed, Zozek Salah Mohammed"]
[Result "1/2-1/2"]
[Board "147"]
[TimeControl "180+1"]
[WhiteFideId "14110148"]
[BlackFideId "4803361"]
[WhiteElo "2622"]
[BlackElo "2394"]
[WhiteTeam "UKR"]
[BlackTeam "IRQ"]
[WhiteClock "0:00:35"]
[BlackClock "0:01:42"]

1. d4 d5 2. c4 c6 3. e3 Nf6 4. Bd3 e6 5. Nd2 Nbd7 6. Ngf3 Bd6 7. O-O O-O 8. e4 dxe4 9. Nxe4 Nxe4 10. Bxe4 Nf6 11. Bc2 c5 12. Bg5 h6 13. Bh4 b6 14. Qd3 Re8 15. Rad1 Bb7 16. Rfe1 Bxf3 17. Qxf3 cxd4 18. Bxf6 Qxf6 19. Qxf6 gxf6 20. Rxd4 Bc5 21. Rd7 Rad8 22. Red1 Rxd7 23. Rxd7 a5 24. Kf1 Kg7 25. Ke2 f5 26. f3 Kf6 27. g3 h5 28. f4 h4 29. Kf3 hxg3 30. hxg3 Rh8 31. Kg2 Rg8 32. b3 Be3 33. Kf3 Bc5 34. Rd1 Rh8 35. Kg2 Ke7 36. Rh1 Rd8 37. Rd1 Rxd1 38. Bxd1 Ba3 39. Kf3 Kd6 40. g4 fxg4+ 41. Kxg4 f6 42. Kf3 Bc1 43. Bc2 Kc5 44. Ke4 Kb4 45. f5 e5 46. Kd5 Kc3 47. Bd1 Kb2 48. a4 Kc3 49. Ke4 Ba3 50. Ke3 Bc5+ 51. Ke4 Kd2 52. Bh5 Kc2 53. Be8 Kxb3 54. Bb5 Kc2 55. Ba6 Kc3 56. Bb5 Kb4 57. Kd3 Kb3 58. Ke4 Kc3 59. Ba6 Kb4 60. Bb5 Kc3 61. Ba6 Kd2 62. Bb5 Ke2 63. Ba6 Kf2 64. Bb5 Kg3 65. Ba6 Kg4 66. Bb5 Kh5 67. Ba6 Kh6 68. Bb5 Kg7 69. Ba6 Kf8 70. Bb5 Ke7 71. Ba6 Kd6 72. Bb5 Bd4 73. Ba6 Kc5 74. Bb5 Kb4 75. Kd3 Ba1 76. Ke4 Kc5 77. Kd3 Bb2 78. Ke4 Ba3 79. Kd3 Bb4 80. Ke4 Kd6 81. Ba6 Kc6 82. Bb5+ Kc5 83. Kd3 Be1 84. Ke4 Bh4 85. Kd3 Bg5 86. Ke4 Kb4 87. Kd3 Kb3 88. Ke4 Kb4 89. Kd3 Kc5 90. Ke4 Kb4 1/2-1/2

[Event "January 9 Late 2024"]
[Site "https://www.chess.com"]
[Date "2024.01.09"]
[Round "2"]
[White "Avalos Parra, Joao"]
[Black "Domalchuk-Jonasson, Aleksandr"]
[Result "0-1"]
[Board "148"]
[TimeControl "180+1"]
[WhiteFideId "3402541"]
[BlackFideId "14142805"]
[WhiteElo "2392"]
[BlackElo "2618"]
[WhiteTeam "CHI"]
[BlackTeam "ISL"]
[WhiteClock "0:00:06"]
[BlackClock "0:00:32"]

1. d4 c5 2. d5 e5 3. Nc3 d6 4. e4 g6 5. Nf3 Bg7 6. h3 Ne7 7. Be2 a6 8. a4 O-O 9. O-O Nd7 10. Nd2 f5 11. Nc4 Nf6 12. Bf3 fxe4 13. Nxe4 Nxe4 14. Bxe4 Bf5 15. Re1 b6 16. c3 Qc7 17. Bg5 b5 18. axb5 axb5 19. Rxa8 Rxa8 20. Nd2 h6 21. Be3 Qb7 22. g4 Bxe4 23. Nxe4 Ra6 24. Bxc5 dxc5 25. Nxc5 Qb6 26. Nxa6 Qxa6 27. d6 Nc6 28. d7 Bf6 29. Qd6 Kf7 30. Rd1 Qb6 31. Qd5+ Kg7 32. Qe6 Qc7 33. Qe8 Bh4 34. Rd5 Qb6 35. Rd2 b4 36. Qe6 bxc3 37. bxc3 Qb1+ 38. Kg2 Qe4+ 39. Kg1 Qe1+ 40. Kg2 Qxd2 41. Qxc6 Qxf2+ 42. Kh1 Bg3 0-1

[Event "January 9 Late 2024"]
[Site "https://www.chess.com"]
[Date "2024.01.09"]
[Round "2"]
[White "Onufrienko, Vladislav"]
[Black "Paragua, Megan Althea"]
[Result "1-0"]
[Board "149"]
[TimeControl "180+1"]
[WhiteFideId "13804332"]
[BlackFideId "30973007"]
[WhiteElo "2617"]
[BlackElo "2385"]
[WhiteTeam "KGZ"]
[BlackTeam "USA"]
[WhiteClock "0:00:24"]
[BlackClock "0:00:00"]

1. e4 c5 2. Nc3 d6 3. d4 cxd4 4. Qxd4 Nc6 5. Qd2 g6 6. b3 Bh6 7. f4 f5 8. Bb2 Nf6 9. Bd3 Rf8 10. Nge2 Qa5 11. g3 Be6 12. a3 fxe4 13. Nxe4 Qxd2+ 14. Nxd2 Rc8 15. O-O-O Ng4 16. Ne4 Bd5 17. Rdf1 Nce5 18. Bb5+ Kd8 19. N2c3 Bxe4 20. Nxe4 a6 21. Be2 Ne3 22. Rf2 Nd7 23. Bd3 d5 24. Nc3 Nc5 25. Rd2 Ke8 26. Kb1 d4 27. Ne4 Nxd3 28. cxd3 Nf5 29. Re1 Kf7 30. g4 Nd6 31. Bxd4 Bxf4 32. Rf2 Kg8 33. Nc5 Nb5 34. Ne6 Nxd4 35. Nxd4 e5 36. Ne6 Rf6 37. Nxf4 exf4 38. Kb2 g5 39. Re5 h6 40. h4 Rd6 41. hxg5 hxg5 42. Rxg5+ Kf8 43. Rxf4+ Ke7 44. Rc4 Rf8 45. Re5+ Kd7 46. Kc3 b5 47. Rce4 a5 48. Rxb5 Rc8+ 49. Rc4 Rdc6 50. Rxa5 Rxc4+ 51. dxc4 Rg8 52. Rd5+ Kc6 53. Rd4 Rg5 54. b4 Rg8 55. b5+ Kc5 56. Rd5+ Kb6 57. g5 Rf8 58. Kb4 Rf4 59. a4 Rg4 60. a5+ Ka7 61. Rd7+ Ka8 62. Rg7 Kb8 63. b6 Ka8 64. a6 Rxg5 65. Rxg5 1-0

[Event "January 9 Late 2024"]
[Site "https://www.chess.com"]
[Date "2024.01.09"]
[Round "2"]
[White "Haszon, David"]
[Black "Hamitevici, Vladimir"]
[Result "1-0"]
[Board "150"]
[TimeControl "180+1"]
[WhiteFideId "733610"]
[BlackFideId "13902393"]
[WhiteElo "2381"]
[BlackElo "2611"]
[WhiteTeam "HUN"]
[BlackTeam "MDA"]
[WhiteClock "0:00:08"]
[BlackClock "0:00:03"]

1. d4 g6 2. e4 d6 3. Nc3 c6 4. h4 Nf6 5. Bf4 Bg7 6. Qd2 b5 7. e5 b4 8. exf6 bxc3 9. Qxc3 Bxf6 10. Nf3 c5 11. Bb5+ Bd7 12. Bxd7+ Nxd7 13. Bg5 cxd4 14. Nxd4 Rc8 15. Qd2 Qb6 16. c3 h5 17. O-O-O Qa5 18. Kb1 O-O 19. g4 hxg4 20. Rdg1 Bxd4 21. Qxd4 Qf5+ 22. Ka1 Ne5 23. Bxe7 Rfe8 24. Bxd6 Nf3 25. Qxg4 Nxg1 26. Qxf5 gxf5 27. Rxg1+ Kh7 28. f4 Rg8 29. Re1 Rce8 30. Rc1 Re6 31. Be5 f6 32. Bd4 a6 33. c4 Rg4 34. c5 Rxf4 35. Bc3 Rxh4 36. b4 Rc4 37. Kb2 f4 38. Kb3 Rce4 39. Rf1 Kg6 40. a4 Kf5 41. b5 axb5 42. axb5 R6e5 43. Bb4 Re3+ 44. Ka4 R5e4 45. b6 Re7 46. c6 R3e4 47. c7 Rxc7 48. bxc7 Rc4 49. Kb5 Rxc7 50. Bd6 Rc2 51. Bxf4 Ke6 52. Be3 Re2 53. Bd4 f5 54. Kc4 Re4 55. Kd3 Rg4 56. Be3 Re4 57. Bf4 Kd5 58. Be3 Ke5 59. Ra1 Rb4 60. Ra5+ Ke6 61. Bd4 Rb3+ 62. Kc4 Rf3 63. Ra6+ Kf7 64. Kd5 Ke7 65. Ra7+ Kd8 66. Be5 Ke8 67. Ke6 Rd3 68. Re7+ Kd8 69. Rb7 Rc3 70. Bf6+ Kc8 71. Rf7 f4 72. Bxc3 1-0